 Dungeon Crawl Stone Soup version 0.27.1-33-g824d729ab1 (webtiles) character file.

Game seed: 13075774442274601713

312 pkoi the Ruffian (level 6, -9/47 HPs)
             Began as a Draconian Transmuter on Dec 7, 2021.
             Mangled by an ice beast (18 damage)
             ... on level 5 of the Dungeon.
             The game lasted 00:05:47 (4706 turns).

pkoi the Ruffian (Draconian Transmuter)             Turns: 4706, Time: 00:05:47

Health: -9/47      AC:  9    Str: 10 (12) XL:     6   Next: 18%
Magic:  0/17       EV: 11    Int: 24      God:
Gold:   151        SH:  0    Dex:  7 (9)  Spells: 4/9 levels left

rFire    . . .     SeeInvis .     - Unarmed
rCold    x . .     Faith    .   (no shield)
rNeg     . . .     Spirit   +   (armour unavailable)
rPois    .         Reflect  .   (helmet restricted)
rElec    .         Harm     .   (no cloak)
rCorr    +         Rampage  .   g - +0 pair of gloves
Will     .....                  d - +1 pair of boots
Stlth    ++........             a - amulet of Yredelemnul's Outrage {Spirit rC- Str-2 Int+8 Stlth+}
HPRegen  0.15/turn              m - ring of magical power
MPRegen  0.15/turn              k - ring of resist corrosion

@: no status effects
A: AC +6, unfitting armour, cold-blooded, clumsy 1, low mp 1, strong 1
a: no special abilities


You were on level 5 of the Dungeon.
You visited 1 branch of the dungeon, and saw 5 of its levels.

You collected 151 gold pieces.

Inventory:

Hand Weapons
 b - a +4 dagger
Missiles
 c - 32 poisoned darts
Armour
 d - a +1 pair of boots (worn)
 g - a +0 pair of gloves (worn)
Jewellery
 a - the amulet of Yredelemnul's Outrage (around neck) {Spirit rC- Str-2 Int+8 Stlth+}
   (You acquired it on level 4 of the Dungeon)

   [amulet of guardian spirit]

   It causes incoming damage to be divided between your reserves of health and
   magic.
   Str:       It affects your strength (-2).
   Int:       It affects your intelligence (+8).
   rC:        It makes you vulnerable to cold.
   Stlth:     It makes you more stealthy.
 k - a ring of resist corrosion (right hand)
 m - a ring of magical power (left hand)
Wands
 f - a wand of iceblast (6)
Scrolls
 e - a scroll of brand weapon
 h - 3 scrolls of amnesia {unknown}
 j - a scroll of identify
Potions
 o - a potion of haste


   Skills:
 - Level 1.1 Fighting
 - Level 1.7 Dodging
 + Level 6.5 Unarmed Combat
 + Level 2.3 Spellcasting
 + Level 2.4 Transmutations
 + Level 1.0 Ice Magic


You had 4 spell levels left.
You knew the following spells:

 Your Spells              Type           Power      Damage    Failure   Level
a - Beastly Appendage     Tmut           28%        N/A       4%          1
b - Ice Form              Ice/Tmut       11%        N/A       50%         4

Your spell library contained the following spells:

 Spells                   Type           Power      Damage    Failure   Level
 Wereblood                Tmut           14%        N/A       7%          2
 Animate Skeleton         Necr           4%         N/A       12%         1
 Pain                     Necr           8%         1d4       12%         1
 Spider Form              Tmut/Pois      4%         N/A       22%         3
 Vampiric Draining        Necr           1%         2d6       34%         3


Dungeon Overview and Level Annotations

Branches:
Dungeon (5/15)
 Temple: D:4-7

Altars:


Innate Abilities, Weirdness & Mutations

Your plain brown scales are hard. (AC +6)
You cannot fit into any form of body armour.
You are cold-blooded and may be slowed by cold attacks.
You are clumsy. (Dex -2)
Your magical capacity is low. (-10% MP)
Your muscles are strong. (Str +2)


Message History

The bullfrog zombie is moderately damaged.
The bullfrog zombie hits you.
You punch the bullfrog zombie!
The bullfrog zombie is severely damaged.
The ice beast completely misses you.
The bullfrog zombie hits you but does no damage.
You hit the bullfrog zombie. You tail-slap the bullfrog zombie.
The bullfrog zombie is almost destroyed.
The ice beast hits you. The ice beast freezes you!!
You feel a terrible chill!
You feel yourself slow down. The bullfrog zombie hits you.
You are too injured to fight recklessly!
You are too injured to fight recklessly!
You are too injured to fight recklessly!
You are too injured to fight recklessly!
You are too injured to fight recklessly!
You are too injured to fight recklessly!
You are too injured to fight recklessly!
You are too injured to fight recklessly!
You punch the bullfrog zombie!
You destroy the bullfrog zombie!
The ice beast misses you.
You feel your intelligence returning.
Your Ice Magic skill increases to level 1!
Unknown command.
Okay, then.
You feel yourself speed up.
The ice beast hits you but does no damage.
Keep disrobing?
The ice beast hits you. The ice beast freezes you!!
You feel a terrible chill!
You feel yourself slow down.
* * * LOW HITPOINT WARNING * * *
You start removing your amulet.
You continue taking off the amulet of Yredelemnul's Outrage {Spirit rC- Str-2 Int+8 Stlth+}.
The ice beast barely misses you.
You continue taking off the amulet of Yredelemnul's Outrage {Spirit rC- Str-2 Int+8 Stlth+}.
You feel yourself speed up. The ice beast closely misses you.
The ice beast hits you.
* * * LOW HITPOINT WARNING * * *
The ice beast freezes you!!
You feel a terrible chill!
You die...

..........# # ..........#
# ...........# #
...........# #
...........# #
...........#####
#################........
#......#........#........
#......#@Y......#........
#......'........+........
#......#######+##........
#......#.................
#!.....'.................
##+#####.................
#............
#...........
#.........#+######


You could see an ice beast.

Vanquished Creatures
  A bullfrog zombie (D:5)
  A scorpion zombie (D:5)
  Ijyb (D:3)
  2 orc wizards
  A hound skeleton (D:5)
  Robin (D:3)
  2 adders
  3 dart slugs
  5 orcs
  6 ball pythons
  7 bats
  4 endoplasms
  13 goblins
  9 hobgoblins
  2 jackals (D:2)
  6 quokkas
  11 kobolds
  2 rats (D:1)
77 creatures vanquished.

Vanquished Creatures (collateral kills)
  An ogre (D:4)
1 creature vanquished.

Grand Total: 78 creatures vanquished

Notes
Turn   | Place    | Note
-------+----------+-------------------------------------------
     0 | D:1      | pkoi the Draconian Transmuter began the quest for the Orb.
     0 | D:1      | Reached XP level 1. HP: 16/16 MP: 3/3
   603 | D:1      | Reached XP level 2. HP: 23/23 MP: 3/5
   850 | D:1      | Reached skill level 4 in Unarmed Combat
  1227 | D:2      | Reached XP level 3. HP: 21/28 MP: 6/6
  2527 | D:3      | Noticed Ijyb
  2556 | D:3      | Gained mutation: You are clumsy. (Dex -2) [potion of
                  | mutation]
  2556 | D:3      | Gained mutation: Your magical capacity is low. (-10% MP)
                  | [potion of mutation]
  2556 | D:3      | Gained mutation: Your muscles are strong. (Str +2) [potion
                  | of mutation]
  2573 | D:3      | Killed Ijyb
  2574 | D:3      | Reached skill level 5 in Unarmed Combat
  2574 | D:3      | Reached XP level 4. HP: 13/35 MP: 6/6
  2874 | D:3      | Noticed Robin
  3229 | D:3      | Killed Robin
  3684 | D:4      | Identified a scroll of acquirement
  3684 | D:4      | Acquired the amulet of Yredelemnul's Outrage {Spirit rC-
                  | Str-2 Int+8 Stlth+}
  3696 | D:4      | Learned a level 4 spell: Ice Form
  3696 | D:4      | Noticed an ogre
  3700 | D:4      | Killed an ogre
  3701 | D:4      | Reached skill level 6 in Unarmed Combat
  3701 | D:4      | Reached XP level 5. HP: 40/40 MP: 7/7
  4377 | D:5      | Entered Level 5 of the Dungeon
  4566 | D:5      | Reached XP level 6. HP: 31/47 MP: 8/8
  4695 | D:5      | Noticed an ice beast
  4704 | D:5      | Reached skill level 1 in Ice Magic
  4706 | D:5      | Mangled by an ice beast

Illustrated notes

Levels and vault maps discovered:
D:1:      psy_arrival_dodecagon, layout_loops_ring
D:2:      layout_loops_cross, kennysheep_generic_room_3
D:3:      layout_basic, uniq_ijyb, uniq_robin
D:4:      layout_loops_ring, amethyst_killhole
D:5:      layout_gridville, mainiacjoe_overflow_alcove_1,
          minmay_stone_trees_small, dk_noncrumbling_3

Skill      XL: |  1  2  3  4  5  6 |
---------------+-------------------+-----
Unarmed Combat | 4 5 6 |  6.5
Ice Magic      | 1 |  1.0
Fighting       | |  1.1
Dodging        | |  1.7
Spellcasting   | |  2.3
Transmutations | |  2.4

Action                   |  1- 3 |  4- 6 || total
-------------------------+-------+-------++-------
Melee: Unarmed           |   176 |   162 ||   338
       Tailslap          |    21 |    12 ||    33
       Kick              |     4 |       ||     4
       Punch             |     2 |     2 ||     4
       Headbutt          |     1 |       ||     1
 Cast: Beastly Appendage |     7 |       ||     7
  Use: Potion            |     3 |     3 ||     6
       Scroll            |       |     8 ||     8
 Stab: Sleeping          |     3 |     2 ||     5
Armor: Skin              |    60 |    82 ||   142
Dodge: Dodged            |    99 |    67 ||   166
